Map: Cosmic Sapphire

Players

Reynor - Winner!

  • Race: Zerg Zerg
  • League: Master
  • Spawn Location: 5:00

trigger

  • Race: Protoss Protoss
  • League: Grandmaster
  • Spawn Location: 11:00

Event: HomeStory Cup XXII

VOD

Have the link to the VOD?

Description

Time

  • Played on: Dec. 16, 2022, 4:11 p.m.
  • Length: 10:49

All games in this series

Show
View Real Time Build Order
Export as new Build Order

Reynor Zerg - Winner!

Build Orders: Hatch First 

Get SALT Encoding   

  12  0:00  Drone  
  13  0:12  Overlord  
  13  0:16  Drone  
  14  0:30  Drone x2  
  16  0:46  Hatchery  
  15  0:50  Drone  
  15  0:53  Drone  
  15  0:57  Drone  
  18  1:07  Extractor  
  17  1:12  Spawning Pool  
  17  1:15  Drone  
  17  1:18  Drone  
  18  1:27  Drone  
  19  1:38  Drone  
  20  1:48  Overlord  
  20  1:59  Queen x2, Drone  
  20  2:00  Drone  
  26  2:09  Drone  
  26  2:10  Drone  
  28  2:20  Drone  
  28  2:21  Drone  
  30  2:25  Hatchery  
  29  2:31  Drone x2  
  31  2:42  Drone, Overlord  
  31  2:43  Queen  
  34  2:49  Queen  
  36  2:52  Metabolic Boost  
  36  3:00  Drone x2  
  36  3:03  Overlord  
  36  3:05  Drone  
  39  3:09  Drone x3  
  39  3:11  Drone  
  44  3:12  Drone  
  44  3:21  Queen  
  44  3:22  Drone x2  
  44  3:24  Zergling x2  
  49  3:27  Drone  
  49  3:31  Evolution Chamber  
  49  3:36  Queen  
  49  3:37  Spore Crawler  
  49  3:40  Drone  
  51  3:41  Zergling x4  
  51  3:42  Zergling x2  
  52  3:50  Drone x3  
  52  3:51  Drone  
  52  3:54  Drone x2  
  58  3:57  Zerg Melee Weapons Level 1  
  58  4:02  Overlord  
  58  4:09  Overlord  
  58  4:14  Overlord  
  58  4:15  Spore Crawler  
  58  4:16  Drone  
  58  4:17  Spore Crawler  
  58  4:18  Drone  
  58  4:21  Drone x4  
  58  4:23  Drone x3  
  65  4:29  Zergling x8  
  65  4:31  Drone  
  70  4:35  Lair  
  70  4:38  Overlord  
  70  4:41  Queen  
  70  4:43  Drone  
  70  4:44  Drone  
  73  4:47  Overlord  
  73  4:49  Drone x2  
  73  4:51  Drone x2  
  77  4:56  Drone x3  
  77  4:57  Drone  
  81  5:00  Overlord  
  81  5:02  Drone x2  
  81  5:06  Drone x2  
  81  5:07  Overlord  
  81  5:15  Drone x3  
  81  5:17  Extractor  
  81  5:19  Hatchery  
  82  5:24  Baneling Nest  
  82  5:25  Drone, Extractor  
  82  5:26  Overlord  
  81  5:29  Queen, Drone x3  
  81  5:31  Drone  
  81  5:32  Drone x3  
  90  5:37  Extractor x2  
  90  5:38  Zergling x2  
  90  5:39  Overseer  
  90  5:40  Zergling x4  
  91  5:48  Zergling x4  
  92  5:53  Zergling x12  
  92  5:54  Overlord  
  97  5:58  Zergling x6, Hatchery  
  97  6:01  Zergling x2  
  97  6:03  Zerg Melee Weapons Level 2  
  100  6:04  Zergling x4  
  100  6:10  Overlord  
  102  6:16  Queen, Drone  
  102  6:17  Drone x3  
  102  6:18  Drone  
  109  6:21  Hatchery, Overlord  
  109  6:24  Drone x2  
  109  6:25  Drone  
  112  6:27  Hatchery  
  112  6:28  Overlord  
  112  6:31  Drone x3  
  112  6:32  Roach Warren  
  113  6:33  Drone x2  
  113  6:37  Centrifugal Hooks  
  113  6:39  Overlord  
  114  6:41  Drone x2  
  114  6:44  Drone  
  117  6:47  Zergling x8  
  117  6:49  Zergling x2  
  117  6:50  Drone  
  117  6:51  Drone  
  117  6:52  Drone x2  
  121  6:55  Zergling x2  
  121  6:59  Zergling x2  
  121  7:01  Spore Crawler, Zergling x4  
  122  7:04  Overlord  
  122  7:08  Extractor  
  123  7:12  Glial Reconstitution, Roach  
  123  7:13  Roach x2  
  123  7:14  Roach  
  131  7:16  Roach x3  
  131  7:18  Evolution Chamber  
  131  7:20  Roach  
  131  7:22  Roach x2  
  144  7:23  Roach x2  
  144  7:25  Drone  
  144  7:26  Drone  
  144  7:29  Roach  
  148  7:33  Roach  
  148  7:35  Zergling x4, Roach x4  
  150  7:39  Zergling x2, Roach x2  
  150  7:41  Drone  
  156  7:45  Zergling x6  
  156  7:48  Ravager x4  
  156  7:49  Zergling x6, Ravager  
  167  7:58  Overlord  
  167  8:00  Zergling x12  
  172  8:05  Overlord  
  172  8:07  Overlord x3  
  172  8:08  Zerg Missile Weapons Level 1  
  172  8:10  Zergling x10  
  172  8:11  Zergling x2  
  173  8:13  Baneling x13  
  173  8:14  Baneling  
  173  8:18  Zergling x12  
  178  8:22  Zerg Ground Armor Level 1  
  178  8:23  Zergling x4, Infestation Pit  
  178  8:25  Zergling x4  
  176  8:29  Zergling x8  
  176  8:32  Zergling x8  
  176  8:33  Ravager x2  
  176  8:34  Baneling x10  
  185  8:37  Zergling x4  
  182  8:46  Zergling x16  
  185  8:51  Drone x3  
  188  8:56  Zergling x2  
  188  8:59  Zergling x8  
  188  9:00  Hatchery  
  189  9:03  Zergling x10  
  164  9:10  Zergling x12  
  164  9:12  Zergling x2  
  164  9:15  Hive  
  164  9:16  Zergling x2  
  164  9:17  Zergling x4  
  169  9:19  Baneling x18  
  169  9:22  Zergling x8  
  169  9:23  Zergling x2  
  174  9:27  Drone x4  
  174  9:28  Zergling x10  
  181  9:32  Zergling x2  
  181  9:37  Zergling x4  
  183  9:41  Zergling x10  
  183  9:43  Zergling x2  
  154  9:54  Roach x7  
  154  9:58  Zergling x8, Roach x3  
  172  10:00  Baneling x8  
  172  10:01  Baneling x7  
  172  10:03  Roach x3  
  172  10:05  Roach x4  
  186  10:07  Baneling  
  186  10:09  Zergling x2  
  187  10:14  Zergling x8  
  187  10:16  Zergling x2  
  187  10:18  Unknown  
  191  10:21  Zergling x10  
  191  10:25  Zergling x8, Roach  
Show
View Real Time Build Order
Export as new Build Order

trigger Protoss 

Build Orders: 1 Gate Expand, Oracle Opening, Archon Immortal 

Get SALT Encoding   

  12  0:00  Probe  
  13  0:12  Probe  
  14  0:19  Pylon  
  14  0:24  Probe (Chrono Boost)  
  14  0:27  Assimilator  
  15  0:38  Probe (Chrono Boost)  
  16  0:44  Probe, Gateway  
  17  0:56  Probe (Chrono Boost)  
  18  1:08  Probe (Chrono Boost)  
  19  1:14  Probe (Chrono Boost)  
  20  1:22  Nexus  
  21  1:32  Cybernetics Core  
  20  1:34  Probe  
  21  1:40  Assimilator  
  21  1:46  Probe  
  22  1:52  Pylon  
  22  1:58  Probe  
  23  2:10  Adept, Probe (Chrono Boost)  
  23  2:12  Stargate  
  26  2:19  Warp Gate  
  26  2:22  Probe (Chrono Boost)  
  27  2:27  Probe (Chrono Boost)  
  28  2:34  Probe  
  29  2:38  Probe  
  29  2:40  Stalker  
  32  2:46  Probe  
  32  2:50  Probe  
  34  2:53  Oracle (Chrono Boost)  
  34  2:58  Probe, Pylon  
  38  3:02  Probe  
  39  3:10  Probe  
  40  3:14  Probe  
  41  3:21  Oracle (Chrono Boost)  
  41  3:22  Probe  
  41  3:26  Probe  
  46  3:34  Nexus, Probe  
  46  3:37  Pylon  
  46  3:38  Probe  
  48  3:46  Probe  
  49  3:49  Oracle (Chrono Boost)  
  49  3:51  Probe  
  49  3:54  Assimilator  
  53  3:57  Assimilator  
  53  4:00  Probe  
  54  4:04  Probe  
  54  4:05  Gateway  
  55  4:12  Probe  
  55  4:16  Probe  
  55  4:17  Oracle (Chrono Boost)  
  57  4:18  Pylon  
  57  4:23  Adept  
  62  4:36  Probe (Chrono Boost)  
  62  4:37  Probe (Chrono Boost)  
  64  4:39  Shield Battery  
  64  4:43  Pylon  
  64  4:48  Probe (Chrono Boost)  
  64  4:49  Probe (Chrono Boost)  
  67  4:53  Probe (Chrono Boost)  
  67  4:56  Probe x2 (Chrono Boost)  
  70  5:00  Probe (Chrono Boost)  
  70  5:03  Probe x2  
  70  5:06  Twilight Council  
  68  5:07  Forge  
  68  5:08  Robotics Facility, Gateway  
  68  5:11  Gateway  
  68  5:12  Adept, Probe (Chrono Boost)  
  68  5:17  Gateway  
  68  5:19  Probe (Chrono Boost)  
  70  5:24  Adept  
  70  5:27  Probe x2 (Chrono Boost)  
  74  5:31  Assimilator  
  74  5:32  Probe (Chrono Boost)  
  74  5:34  Probe x2 (Chrono Boost)  
  76  5:36  Pylon  
  76  5:38  Sentry, Pylon  
  76  5:40  Probe, Assimilator  
  79  5:45  Protoss Ground Weapons Level 1, Charge, Probe x2  
  81  5:52  Probe  
  81  5:54  Immortal (Chrono Boost)  
  81  5:57  Probe  
  87  5:59  Templar Archives  
  87  6:07  Zealot  
  87  6:10  Gateway  
  89  6:12  Gateway  
  89  6:14  Pylon  
  89  6:23  Immortal (Chrono Boost)  
  93  6:28  Zealot x3  
  99  6:37  Probe  
  100  6:45  Gateway  
  100  6:47  Gateway  
  100  6:50  Zealot x3, Gateway  
  100  6:51  Gateway  
  100  6:53  Immortal (Chrono Boost), Gateway  
  98  7:03  Gateway  
  98  7:05  Gateway  
  98  7:09  Pylon  
  98  7:11  High Templar x2  
  98  7:13  Nexus  
  98  7:15  Pylon  
  102  7:22  Immortal (Chrono Boost)  
  106  7:35  High Templar  
  104  7:41  Shield Battery, Archon, Photon Cannon  
  104  7:42  High Templar  
  104  7:43  High Templar  
  108  7:44  Pylon  
  108  7:48  Immortal (Chrono Boost), Probe  
  108  7:50  Blink  
  113  7:52  Archon, High Templar  
  113  7:53  Zealot x3  
  113  7:56  High Templar  
  123  8:04  Archon  
  123  8:12  High Templar x2  
  127  8:13  Protoss Ground Weapons Level 2  
  127  8:16  Photon Cannon  
  127  8:20  Archon  
  127  8:21  Zealot x5, Observer (Chrono Boost), High Templar  
  127  8:25  Probe  
  127  8:26  Probe  
  140  8:28  Assimilator  
  140  8:31  Zealot x2, Assimilator  
  136  8:42  Zealot x5  
  136  8:43  Immortal  
  136  8:46  Probe x2 (Chrono Boost)  
  129  8:51  Probe (Chrono Boost)  
  130  8:55  Probe (Chrono Boost)  
  130  8:59  High Templar x2  
  126  9:03  Archon  
  126  9:04  Probe (Chrono Boost)  
  126  9:05  Zealot x3  
  113  9:15  Probe x2 (Chrono Boost)  
  108  9:18  Pylon  
  108  9:21  Probe (Chrono Boost)  
  108  9:23  High Templar x2  
  113  9:24  High Templar  
  113  9:26  Probe (Chrono Boost)  
  113  9:27  Archon  
  113  9:30  Probe (Chrono Boost)  
  116  9:33  Archon  
  116  9:34  Probe x2 (Chrono Boost)  
  116  9:35  Shield Battery  
  116  9:36  High Templar  
  120  9:41  Zealot x2  
  120  9:52  Probe x2 (Chrono Boost)  
  100  9:53  Probe (Chrono Boost)  
  100  9:54  Probe (Chrono Boost)  
  97  10:04  Photon Cannon, Probe (Chrono Boost)  
  97  10:06  Shield Battery  
  99  10:09  Probe (Chrono Boost)  
  99  10:10  Probe (Chrono Boost), High Templar  
  99  10:11  High Templar  
  99  10:13  Probe (Chrono Boost)  
  105  10:18  Archon  
  105  10:21  Zealot  
  105  10:22  Zealot x3  
  102  10:36  Zealot x3  
  97  10:43  High Templar x2  
Tags
 
Add a new tag
Caveats
  • Supply blocks, unpowered buildings, or Contaminate may cause inaccurate times.
  • Supply counts are checked every 10 seconds.